 Dungeon Crawl Stone Soup version 0.20-a0-12-g90c15da (webtiles) character file.

54364 JeffiDaFish the Blocker (level 14, -4/92 HPs)
             Began as a Gargoyle Fighter on Nov 2, 2016.
             Was the Champion of Makhleb.
             Slain by an orc warrior
             ... wielding a +0 mace of holy wrath
              (11 damage)
             ... on level 2 of the Orcish Mines on Nov 3, 2016.
             The game lasted 01:09:00 (19906 turns).

JeffiDaFish the Blocker (Gargoyle Fighter)         Turns: 19906, Time: 01:09:02

Health: -4/92      AC: 28    Str: 21    XL:     14   Next: 72%
Magic:  22/22      EV:  8    Int: 11    God:    Makhleb [******]
Gold:   2214       SH:  5    Dex: 12    Spells: 1 memorised, 22 levels left

rFire  . . .     SeeInvis .     a - +6 dire flail "Joad" {crush, rPois Str-4 Int+3 Dex+2}
rCold  + . .     Gourm    .     y - +0 plate armour
rNeg   + . .     Faith    .     (shield currently unavailable)
rPois  ∞         Spirit   .     (no helmet)
rElec  +         Reflect  +     (no cloak)
rCorr  .         Harm     .     (no gloves)
MR     +....     Clarity  +     e - +2 pair of boots
Stlth  ..........               s - +5 amulet of reflection
                                C - ring of protection from cold
                                q - ring "Cicw" {Wiz +Fly}

@: flying, studying Fire Magic
A: big wings, clarity, negative energy resistance 1, electricity resistance,
unbreathing, petrification resistance, rot immunity, AC +9
a: Stop Flying, Minor Destruction, Lesser Servant of Makhleb, Major Destruction,
Greater Servant of Makhleb, Renounce Religion


You were on level 2 of the Orcish Mines.
You worshipped Makhleb.
Makhleb was exalted by your worship.
You were not hungry.

You visited 3 branches of the dungeon, and saw 20 of its levels.

You collected 2214 gold pieces.

Inventory:

Hand Weapons
 a - the +6 dire flail "Joad" (weapon) {crush, rPois Str-4 Int+3 Dex+2}
   (You found it on level 3 of the Lair of Beasts)

   It inflicts extra damage upon your enemies.
   It affects your strength (-4).
   It affects your intelligence (+3).
   It affects your dexterity (+2).
   It protects you from poison.
Armour
 e - a +2 pair of boots (worn)
 y - a +0 plate armour (worn)
Jewellery
 q - the ring "Cicw" (left hand) {Wiz +Fly}
   (You found it on level 4 of the Dungeon)

   [ring of wizardry]

   It improves your spell success rate.
   It lets you fly.
 s - a +5 amulet of reflection (around neck)
 C - a ring of protection from cold (right hand)
Wands
 A - a wand of heal wounds (1/9)
 D - a wand of enslavement (14/24)
Scrolls
 j - 3 scrolls of recharging
 m - 2 scrolls of amnesia
 p - a scroll of teleportation
 w - 2 scrolls of remove curse
 x - 4 scrolls of identify
 H - 2 scrolls of enchant weapon
Potions
 b - 4 potions of cancellation
 d - a potion of might
 k - 2 potions of magic
 n - 5 potions of curing
 t - 3 potions of flight
 v - a potion of agility
 B - 3 potions of cure mutation
 E - a potion of heal wounds
 I - a potion of resistance
Books
 u - a book of Frost

   Spells                             Type                      Level
   a - Freeze                         Ice                          1
   b - Throw Frost                    Conjuration/Ice              2
   c - Ozocubu's Armour               Charms/Ice                   3
   d - Throw Icicle                   Conjuration/Ice              4
   e - Summon Ice Beast               Ice/Summoning                4
 F - a book of Unlife

   Spells                             Type                      Level
   a - Recall                         Summoning/Translocation      3
   b - Animate Dead                   Necromancy                   4
   c - Control Undead                 Necromancy                   4
   d - Cigotuvi's Embrace             Necromancy                   5
   e - Death Channel                  Necromancy                   6
   f - Simulacrum                     Ice/Necromancy               6
 G - a manual of Fire Magic
Comestibles
 c - 10 chunks of flesh
 f - 9 bread rations
 h - 5 slices of pizza
 l - 6 beef jerkies
 o - 12 meat rations
 r - 8 fruits
 z - 13 royal jellies


   Skills:
 * Level 12.1 Fighting
 * Level 12.6 Maces & Flails
 * Level 11.6 Armour
 - Level 2.3 Dodging
 - Level 0.2 Stealth
   Level 13.0 Shields
 + Level 5.5 Spellcasting
 + Level 7.2 Conjurations
 + Level 6.4 Ice Magic


You had 22 spell levels left.
You knew the following spells:

 Your Spells              Type           Power        Failure   Level  Hunger
a - Throw Frost           Conj/Ice       ###...       12%         2    ##.....


Dungeon Overview and Level Annotations

Branches:
Dungeon (12/15)            Temple (0/1) D:7            Lair (6/6) D:9
 Shoals (0/4) Lair:4       Spider (0/4) Lair:3        Slime (0/5) Lair:5
    Orc (2/2) D:12            Elf (0/3) Orc:2

Altars:
Kikubaaqudgha
Makhleb
Ru
Trog

Shops:
D:5 =


Innate Abilities, Weirdness & Mutations

You are resistant to torment.
Your stone body is resilient. (AC +9)
You are immune to poison.
Your large and strong wings let you fly indefinitely.
You resist negative energy. (rN+)
You are resistant to electric shocks. (rElec)
You can survive without breathing.
You are immune to petrification.
You are immune to rotting.
You possess an exceptional clarity of mind.


Message History

The orc knight hits you with a halberd!!
The orc high priest utters an invocation to Beogh.
You hear a shout!
You puncture the orc knight!
You kill the orc knight!
Makhleb accepts your kill.
You feel better.
The orc wizard hits you but does no damage.
The orc warrior hits you with a mace of holy wrath.
You puncture the orc knight!
The orc knight is heavily wounded.
The orc high priest mumbles some strange prayers to Beogh.
You barely miss the orc knight.
The orc knight is heavily wounded.
The orc knight hits you with a great sword!!
* * * LOW HITPOINT WARNING * * *
The orc wizard hits you with a dagger.
* * * LOW HITPOINT WARNING * * *
The orc warrior hits you with a mace of holy wrath!
You die...

..# #÷... ##.... ..# ##.....
#.... .## ....... ##... .#
##...o... #... ## ##3.4...§. #...
#)4...÷..÷ ##... ##3oo#o÷4. #....
### #.oo## ÷ ####.... ##.##
#(o@## ####....... #...######
#....### #.........[
####.##.##.####(....#####.....≈.≈
.#............##.............≈≈≈≈
...............##............≈≈≈≈
...#............###.........≈≈≈##
..###..#.........###.........≈≈#
.## ###.)...................≈≈≈##
## ##))...................[≈≈≈≈


You could see 2 orc knights, an orc high priest, a sun demon, an orange demon,
an ice devil, a sixfirhy, an orc warrior, an orc priest and an orc wizard.

Vanquished Creatures
  4 hydras
  5 death yaks
  An orc high priest (Orc:2)
  2 unseen horrors
  6 orc knights
  An orb spider (Lair:3)
  An orc sorcerer (Orc:2)
  14 elephants (Lair:6)
  A siren (Lair:4)
  A black mamba (Lair:6)
  2 gargoyles
  Joseph (D:9)
  A centaur skeleton (D:6)
  19 spiny frogs
  8 komodo dragons
  A queen bee (Lair:2)
  4 tyrant leeches (Lair:6)
  A hornet (D:12)
  9 trolls
  2 two-headed ogres (D:11)
  Prince Ribbit (D:8)
  12 blink frogs
  7 hippogriffs
  An air elemental (Orc:2)
  A vampire (D:11)
  3 wyverns
  26 yaks
  Grum (D:8)
  3 hungry ghosts
  3 basilisks
  4 vampire mosquitoes (Lair:6)
  A mottled dragon (D:11)
  4 wargs
  A soldier ant (D:12)
  17 water moccasins
  8 porcupines
  23 orc warriors
  4 sky beasts
  9 ogres
  2 ice beasts (D:10)
  An eye of draining (D:11)
  4 phantoms
  12 wolves
  14 crocodiles
  32 bullfrogs
  A wyvern skeleton (D:11)
  A water moccasin skeleton (D:8)
  5 scorpions
  37 killer bees
  8 wights
  4 electric eels
  A howler monkey (D:10)
  5 crimson imps
  A centaur zombie (D:12)
  4 hounds
  19 orc priests
  A jelly (D:8)
  A bullfrog zombie (D:8)
  A gnoll shaman (D:5)
  5 iguanas
  Ijyb (D:2)
  Jessica (D:3)
  6 bullfrog skeletons
  8 worker ants
  27 orc wizards
  7 hell rats (Lair:6)
  2 hound skeletons
  Robin (D:2)
  17 adders
  18 gnolls
  2 howler monkey skeletons
  6 shadow imps
  An ooze (D:2)
  An adder zombie (D:8)
  An adder skeleton (D:7)
  3 worms (D:2)
  4 dart slugs
  4 leopard geckos
  121 orcs
  11 bats
  4 giant cockroaches
  21 goblins
  8 hobgoblins
  26 jackals
  5 quokkas
  2 ball pythons
  4 frilled lizards
  A jackal skeleton (D:4)
  6 kobolds
  2 leopard gecko skeletons (D:4)
  A leopard gecko zombie (D:6)
  5 rats
  2 bushes (D:1)
  3 plants
704 creatures vanquished.

Vanquished Creatures (others)
  2 centaurs
  2 orcs (Orc:2)
  14 fungi
  39 plants
57 creatures vanquished.

Grand Total: 761 creatures vanquished

Notes
Turn   | Place    | Note
-------+----------+-------------------------------------------
     0 | D:1      | JeffiDaFish the Gargoyle Fighter began the quest for the Orb.
     0 | D:1      | Reached XP level 1. HP: 14/14 MP: 1/1
   100 | D:1      | Reached XP level 2. HP: 16/19 MP: 2/2
   369 | D:1      | Reached XP level 3. HP: 21/23 MP: 3/3
  1171 | D:2      | Noticed Ijyb
  1196 | D:2      | Killed Ijyb
  1196 | D:2      | Reached skill level 4 in Shields
  1196 | D:2      | Reached XP level 4. HP: 18/29 MP: 4/4
  1600 | D:2      | Noticed Robin
  1636 | D:2      | Reached XP level 5. HP: 29/33 MP: 5/5
  1645 | D:2      | Killed Robin
  1938 | D:3      | Noticed a sky beast
  1991 | D:3      | Killed a sky beast
  1991 | D:3      | Reached XP level 6. HP: 20/38 MP: 6/6
  2555 | D:3      | Reached skill level 1 in Dodging
  2569 | D:3      | Reached skill level 5 in Shields
  2952 | D:3      | Noticed Jessica
  2959 | D:3      | Killed Jessica
  3087 | D:4      | Got a slimy steel ring
  3088 | D:4      | Identified the ring "Cicw" {Wiz +Fly} (You found it on level 4 of the Dungeon)
  3112 | D:4      | Noticed a phantom
  3153 | D:4      | Killed a phantom
  3153 | D:4      | Reached XP level 7. HP: 37/44 MP: 7/7
  3439 | D:4      | Gained mutation: You occasionally shout uncontrollably at your foes. [potion of mutation]
  3439 | D:4      | Gained mutation: You possess an exceptional clarity of mind. [potion of mutation]
  3439 | D:4      | Gained mutation: Your spells are a little harder to cast, but a little more powerful. [potion of mutation]
  3585 | D:4      | Reached skill level 5 in Maces & Flails
  3619 | D:4      | Gained mutation: Your flesh is cold resistant. (rC+) [potion of beneficial mutation]
  3853 | D:5      | Entered Level 5 of the Dungeon
  4212 | D:5      | Reached skill level 5 in Armour
  4237 | D:5      | Reached skill level 6 in Shields
  4237 | D:5      | Reached XP level 8. HP: 41/48 MP: 8/8
  4453 | D:5      | Found Nugaedif's Jewellery Boutique.
  4520 | D:5      | Reached skill level 5 in Fighting
  5183 | D:6      | Reached skill level 7 in Shields
  5443 | D:6      | Reached XP level 9. HP: 51/54 MP: 9/9
  5855 | D:6      | Found a burning altar of Makhleb.
  5860 | D:6      | Became a worshipper of Makhleb the Destroyer
  5950 | D:7      | Reached skill level 8 in Shields
  6197 | D:7      | Found a staircase to the Ecumenical Temple.
  6470 | D:7      | Found a sacrificial altar of Ru.
  6823 | D:8      | Reached skill level 9 in Shields
  6843 | D:8      | Reached * piety under Makhleb
  6991 | D:8      | Noticed Grum
  7016 | D:8      | Killed Grum
  7026 | D:8      | Reached XP level 10. HP: 53/60 MP: 10/10
  7203 | D:8      | Learned a level 2 spell: Throw Frost
  7204 | D:8      | Found an ancient bone altar of Kikubaaqudgha.
  7345 | D:8      | Noticed Prince Ribbit
  7363 | D:8      | Killed Prince Ribbit
  7363 | D:8      | Reached ** piety under Makhleb
  7363 | D:8      | Reached skill level 10 in Shields
  7709 | D:8      | Reached skill level 1 in Ice Magic
  8003 | D:9      | Noticed Joseph
  8016 | D:9      | Killed Joseph
  8016 | D:9      | Reached skill level 1 in Spellcasting
  8041 | D:9      | Reached skill level 1 in Conjurations
  8226 | D:9      | Found a staircase to the Lair.
  8452 | Lair:1   | Entered Level 1 of the Lair of Beasts
  8677 | Lair:1   | Reached XP level 11. HP: 65/67 MP: 13/13
  8880 | Lair:1   | Reached *** piety under Makhleb
  9590 | Lair:2   | Lost mutation: You occasionally shout uncontrollably at your foes. [potion of cure mutation]
  9590 | Lair:2   | Lost mutation: Your spells are a little harder to cast, but a little more powerful. [potion of cure mutation]
  9590 | Lair:2   | Lost mutation: Your flesh is cold resistant. (rC+) [potion of cure mutation]
  9835 | Lair:2   | Reached skill level 11 in Shields
  9961 | Lair:2   | Reached skill level 10 in Maces & Flails
  9979 | Lair:2   | Reached **** piety under Makhleb
 10636 | Lair:3   | Reached XP level 12. HP: 66/75 MP: 16/16
 10887 | Lair:3   | Found a hole to the Spider Nest.
 10896 | Lair:3   | Got a steaming dire flail
 10902 | Lair:3   | Identified the +6 dire flail "Joad" {crush, rPois Str-4 Int+3 Dex+2} (You found it on level 3 of the Lair of Beasts)
 12062 | Lair:4   | Found a staircase to the Shoals.
 12186 | Lair:5   | Reached skill level 12 in Shields
 12437 | Lair:5   | Noticed a death yak
 12438 | Lair:5   | Noticed a death yak
 12438 | Lair:5   | Noticed a death yak
 12439 | Lair:5   | Noticed a death yak
 12446 | Lair:5   | Noticed a death yak
 12451 | Lair:5   | Killed a death yak
 12474 | Lair:4   | Killed a death yak
 12474 | Lair:4   | Reached ***** piety under Makhleb
 12484 | Lair:4   | Killed a death yak
 12512 | Lair:4   | Killed a death yak
 12521 | Lair:4   | Killed a death yak
 12521 | Lair:4   | Reached skill level 10 in Fighting
 12578 | Lair:5   | Reached skill level 5 in Conjurations
 12595 | Lair:5   | Reached XP level 13. HP: 78/82 MP: 18/18
 12711 | Lair:5   | Reached skill level 10 in Armour
 12985 | Lair:5   | Reached skill level 5 in Ice Magic
 13132 | Lair:5   | Found a staircase to the Slime Pits.
 13213 | Lair:6   | Entered Level 6 of the Lair of Beasts
 14559 | Lair:6   | Reached skill level 13 in Shields
 14595 | Lair:6   | Gained mutation: Your large and strong wings let you fly indefinitely. [Gargoyle growth]
 14595 | Lair:6   | Reached XP level 14. HP: 90/90 MP: 21/21
 14871 | Lair:6   | Identified the +5 war axe of Lucato {chop, *Noise rElec Int+7} (You found it on level 6 of the Lair of Beasts)
 15080 | Lair:3   | Reached skill level 5 in Spellcasting
 15149 | D:10     | Entered Level 10 of the Dungeon
 15263 | D:10     | Found a bloodstained altar of Trog.
 16357 | D:11     | Reached ****** piety under Makhleb
 17396 | D:12     | Found a staircase to the Orcish Mines.
 17648 | Orc:1    | Entered Level 1 of the Orcish Mines
 17882 | Orc:1    | Found a dark tunnel.
 18506 | Orc:2    | Entered Level 2 of the Orcish Mines
 18506 | Orc:2    | Found a staircase to the Elven Halls.
 19464 | Orc:2    | HP: 3/92 [orc priest/divine providence (10)]
 19906 | Orc:2    | Slain by an orc warrior

Vault maps used:
D:1:      sevenhm_arrival_forest_fort_small_4, serial_forest,
          infiniplex_forest_end_3, infiniplex_forest_side_room,
          infiniplex_forest_clump_tiny, infiniplex_forest_corner_2,
          infiniplex_forest_pool, infiniplex_forest_clump_C, st_stairs_1
D:2:      uniq_iyjb, uniq_robin
D:3:      uniq_jessica
D:4:      first_bread
D:5:      serial_shops, shop, hangedman_decor_lopped
D:6:      lightli_temple_of_fire
D:7:      overflow_temple_1_default
D:8:      kiku_gazebo_pond_becter, uniq_prince_ribbit1, uniq_grum
D:9:      erik_lair_orcish_takeover, uniq_joseph
D:10:     basic_altar
D:12:     hiddenorc2_lemuel
Lair:1:   statuecave_lemuel, beast_lair_carwin_2, infiniplex_staircase_pool_2
Lair:3:   nicolae_spider_entry_orb_guardian, beast_lair_carwin_5,
          infiniplex_staircase_pool, serial_bayou_shore_a
Lair:4:   minmay_shoals_entry_lonely_mermaid, st_stairs_11
Lair:5:   dpeg_slime_entry_corner
Lair:6:   minmay_lair_end_frog_pond
Orc:1:    nicolae_orc_accident_3, nicolae_volcano_entry_two_sided, rock_pile
Orc:2:    grunt_orc_tribal_feast, nicolae_orc_flooded_monolith

Skill      XL: |  1  2  3  4  5  6  7  8  9 10 11 12 13 14 |
---------------+-------------------------------------------+-----
Shields        | 4 5 6 7 9 10 11 12 13 | 13.0
Maces & Flails | 3 4 5 6 8 9 10 11 12 | 12.6
Armour         | 4 5 6 7 8 9 10 11 | 11.6
Fighting       | 4 5 6 7 8 10 11 12 | 12.1
Dodging        | 1 2 |  2.3
Ice Magic      | 2 3 4 5 6 |  6.4
Spellcasting   | 1 2 3 4 5 |  5.5
Conjurations   | 2 3 5 6 7 |  7.2
Stealth        | |  0.2

Action                   |  1- 3 |  4- 6 |  7- 9 | 10-12 | 13-15 || total
-------------------------+-------+-------+-------+-------+-------++-------
Melee: Flail             |   313 |   330 |   734 |    60 |       ||  1437
       Whip              |       |       |       |   382 |       ||   382
       Mace              |       |       |       |   490 |       ||   490
       Dire flail        |       |       |       |   206 |  1156 ||  1362
 Cast: Throw Frost       |       |       |       |       |     4 ||     4
 Abil: Fly               |       |       |       |       |     1 ||     1
Evoke: Wand              |       |       |       |     2 |     4 ||     6
  Use: Potion            |     3 |     3 |    10 |     1 |     3 ||    20
       Scroll            |     1 |     5 |    13 |     9 |    14 ||    42
  Eat: Chunk             |     2 |     7 |    13 |    14 |    25 ||    61
       Meat ration       |       |       |     1 |       |       ||     1
       Royal jelly       |       |       |       |     2 |     1 ||     3
Armor: Scale mail        |   101 |   234 |   105 |       |       ||   440
       Chain mail        |       |       |   173 |   469 |   447 ||  1089
       Plate armour      |       |       |       |       |   302 ||   302
Dodge: Dodged            |    47 |   120 |   119 |   272 |   377 ||   935
Block: Shield            |    82 |   185 |   654 |  1064 |       ||  1985
       Reflection        |       |       |     4 |    10 |     4 ||    18
       Other             |       |       |       |    64 |   244 ||   308
